 Dungeon Crawl Stone Soup version 0.22.1-1-ga44c0e5 (webtiles) character file.

6821 rabbit the Thaumaturge (level 11, -2/81 HPs)
             Began as a Gnoll Wizard on Oct 16, 2018.
             Was a Follower of Ashenzari.
             Slain by a warg (10 damage)
             ... on level 9 of the Dungeon.
             The game lasted 01:04:08 (15501 turns).

rabbit the Thaumaturge (Gnoll Wizard)              Turns: 15501, Time: 01:04:08

Health: -2/81      AC:  7    Str: 13    XL:     11   Next: 5%
Magic:  14/24      EV: 16    Int: 23    God:    Ashenzari [*.....]
Gold:   622        SH:  0    Dex: 14    Spells: 17/28 levels left

rFire    . . .     SeeInvis .   F - +2 quarterstaff of Uncomfortable Rashes {venom, rElec} (curse)
rCold    . . .     Gourm    .   (shield currently unavailable)
rNeg     . . .     Faith    .   W - +2 robe
rPois    .         Spirit   .   b - +0 hat
rElec    +         Reflect  .   R - +0 cloak
rCorr    .         Harm     .   g - +0 pair of gloves
MR       .....                  (no boots)
Stlth    ++++......             (no amulet)
HPRegen  0.23/turn              s - +3 ring of strength
MPRegen  0.19/turn              (no ring)

@: no status effects
A: distributed training, fangs 1, strong nose
a: Curse Item, Scrying, Renounce Religion


You were on level 9 of the Dungeon.
You worshipped Ashenzari.
Ashenzari was aware of your devotion.
You were not hungry.

You visited 1 branch of the dungeon, and saw 10 of its levels.

You collected 622 gold pieces.

Inventory:

Hand Weapons
 a - a +0 dagger
 w - a cursed -3 short sword
 F - the cursed +2 quarterstaff of Uncomfortable Rashes (weapon) {venom, rElec}
   (You found it on level 4 of the Dungeon)

   It poisons the flesh of those it strikes.
   It insulates you from electricity.
   It has a curse placed upon it.
Missiles
 e - 352 stones (quivered)
 i - 235 arrows
 l - 75 sling bullets
 p - 49 poisoned needles
 r - 7 needles of sleeping
 M - a throwing net
 Q - 26 bolts
Armour
 b - a +0 hat (worn)
 g - a +0 pair of gloves (worn)
 y - a +0 buckler
 B - a +0 cloak
 I - a +0 shield
 J - a cursed +0 robe
 R - a +0 cloak (worn)
 W - a +2 robe (worn)
Magical Staves
 V - a cursed staff of wizardry
Jewellery
 s - a +3 ring of strength (left hand)
 N - the ring of Evidul {rC+ Stlth-}
   (You found it on level 7 of the Dungeon)

   [ring of attention]

   It protects you from cold.
   It makes you less stealthy.
 U - an uncursed ring of flight
Wands
 f - a wand of random effects (30)
 G - a wand of flame (58)
 K - a wand of paralysis (9)
 P - a wand of disintegration (13)
Scrolls
 c - a scroll of holy word {unknown}
 k - 2 scrolls of fog {unknown}
 m - 2 scrolls of amnesia {unknown}
 o - 4 scrolls of teleportation
 q - a scroll of enchant weapon {unknown}
 t - a scroll of magic mapping {unknown}
 z - 2 scrolls of blinking {unknown}
 C - 4 scrolls of remove curse
 D - a scroll of random uselessness {unknown}
 E - 8 scrolls of identify
 O - 2 scrolls of immolation {unknown}
Potions
 h - 6 potions of curing {unknown}
 j - 4 potions of might
 n - a potion of ambrosia {unknown}
 u - 3 potions of heal wounds {unknown}
 v - a potion of degeneration {unknown}
 x - 3 potions of flight {unknown}
 A - 4 potions of haste {unknown}
 H - 3 potions of cancellation {unknown}
 L - a potion of resistance {unknown}
 S - a potion of berserk rage {unknown}
 T - a potion of mutation {unknown}
 X - a potion of lignification {unknown}
Comestibles
 d - 13 rations


   Skills:
 + Level 5.8 Fighting
 + Level 5.8 Short Blades
 + Level 5.8 Long Blades
 + Level 5.8 Axes
 + Level 5.8 Maces & Flails
 + Level 5.8 Polearms
 + Level 5.8 Staves
 + Level 5.8 Slings
 + Level 5.8 Bows
 + Level 5.8 Crossbows
 + Level 5.8 Throwing
 + Level 5.8 Armour
 + Level 7.4 Dodging
 + Level 7.2 Stealth
 + Level 5.8 Shields
 + Level 5.8 Unarmed Combat
 + Level 9.3 Spellcasting
 + Level 5.3 Conjurations
 + Level 4.8 Hexes
 + Level 4.8 Charms
 + Level 5.3 Summonings
 + Level 4.8 Necromancy
 + Level 5.3 Translocations
 + Level 4.8 Transmutations
 + Level 4.8 Fire Magic
 + Level 4.8 Ice Magic
 + Level 4.8 Air Magic
 + Level 4.8 Earth Magic
 + Level 4.8 Poison Magic
 + Level 6.3 Invocations
 + Level 5.8 Evocations


You had 17 spell levels left.
You knew the following spells:

 Your Spells              Type           Power        Failure   Level  Hunger
a - Magic Dart            Conj           ####         1%          1    None
b - Blink                 Tloc           N/A          1%          2    None
c - Call Imp              Summ           #####...     1%          2    None
d - Conjure Flame         Conj/Fire      ####....     2%          3    None
e - Mephitic Cloud        Conj/Pois/Air  ####....     2%          3    None

Your spell library contained the following spells:

 Spells                   Type           Power        Failure   Level  Hunger
 Animate Skeleton         Necr           N/A          1%          1    None
 Apportation              Tloc           #####.       1%          1    None
 Confusing Touch          Hex            ####..       1%          1    None
 Summon Small Mammal      Summ           ####         1%          1    None
 Slow                     Hex            ####....     1%          2    None


Dungeon Overview and Level Annotations

Branches:
Dungeon (10/15)
 Temple: D:4-7         Lair: D:8-11         Orc: D:9-12

Altars:
Ashenzari
Cheibriados
Dithmenos
Elyvilon
Fedhas
Kikubaaqudgha
Nemelex Xobeh
Qazlal
Trog
Uskayaw

Shops:
D:10 !

Annotations:
D:5 exclusion: oklob plant
D:6 3 runed doors, exclusion: oklob plant, Sigmund; ventricule's ghost, amateur TrCj


Innate Abilities, Weirdness & Mutations

Your experience applies equally to all skills.
You have very sharp teeth.
Your uncanny sense of smell can sniff out nearby items.


Message History

The warg bites you! The warg bites you.
The orc priest hits the orc wizard with a vampiric war axe.
The warg barely misses you.
The warg looks more healthy.
The warg bites you. The warg closely misses you.
The warg bites you but does no damage. The warg bites you!
* * * LOW HITPOINT WARNING * * *
The warg misses you.
There is a stone staircase leading up here.
The warg bites you!
* * * LOW HITPOINT WARNING * * *
The warg closely misses you.
You climb upwards.
There is a stone staircase leading down here.
Casting: Mephitic Cloud (safe; 2% risk of failure)
Confirm with . or Enter, or press ? or * to list all spells.
You blink.
The warg bites you!
You die...

#.#.#....#########^#.#
#.#.#....# #.#Y#
#.#......#########.#.#
#.##.....#.........#.#
#.##.....#.........#.#
#.##.....#.........#Y#
#.##.....#.........#Y#
#######.##.....#########.#Y#
#....##.##..@..#########.#†#
#.##....#..h.<...........#.#
##.#######.§................##
#..........h................##
######.......#.###############
#.....###..................##
#..#.##.##.##.###############
#....#._.#....# ##
#..####.####..######### ##


You could see 2 wargs.

Vanquished Creatures
  A two-headed ogre (D:9)
  Psyche (D:9)
  A hippogriff (D:8)
  A wyvern (D:8)
  13 yaks (D:9)
  Grum (D:10)
  A water moccasin (D:7)
  An ice beast (D:10)
  3 orc warriors
  A sky beast (D:4)
  3 eyes of draining (D:9)
  A necrophage (D:9)
  7 ogres
  2 wolves (D:10)
  3 centaurs
  A big kobold (D:8)
  2 bullfrogs
  A scorpion (D:4)
  A wyvern skeleton (D:7)
  4 killer bees
  3 howler monkeys (D:7)
  5 hounds
  11 orc wizards
  5 orc priests
  Crazy Yiuf (D:3)
  A jelly (D:7)
  A bullfrog skeleton (D:5)
  4 iguanas
  Ijyb (D:2)
  Natasha (thrice) (D:4)
  A worker ant (D:4)
  A hound zombie (D:6)
  A hound skeleton (D:8)
  10 adders
  3 gnolls (D:8)
  A shadow imp (D:10)
  3 oozes
  An adder skeleton (D:6)
  2 worms (D:3)
  A dart slug (D:4)
  2 leopard geckos
  28 orcs
  2 ball pythons
  6 bats
  3 giant cockroaches
  8 goblins
  6 hobgoblins
  15 jackals
  A quokka (D:4)
  7 frilled lizards
  21 kobolds
  8 rats
215 creatures vanquished.

Vanquished Creatures (collateral kills)
  An ogre (D:7)
  A howler monkey (D:7)
2 creatures vanquished.

Vanquished Creatures (others)
  A quokka (D:4)
1 creature vanquished.

Grand Total: 218 creatures vanquished

Notes
Turn   | Place    | Note
-------+----------+-------------------------------------------
     0 | D:1      | rabbit the Gnoll Wizard began the quest for the Orb.
     0 | D:1      | Reached XP level 1. HP: 13/13 MP: 8/8
   231 | D:1      | Reached XP level 2. HP: 19/19 MP: 5/10
   247 | D:1      | Learned a level 2 spell: Blink
   250 | D:1      | Learned a level 2 spell: Call Imp
   772 | D:1      | Reached XP level 3. HP: 25/25 MP: 7/11
   975 | D:2      | Reached skill level 1 in Invocations
  1550 | D:3      | Reached skill level 1 in Fighting
  1550 | D:3      | Reached skill level 1 in Short Blades
  1550 | D:3      | Reached skill level 1 in Long Blades
  1550 | D:3      | Reached skill level 1 in Axes
  1550 | D:3      | Reached skill level 1 in Maces & Flails
  1550 | D:3      | Reached skill level 1 in Polearms
  1550 | D:3      | Reached skill level 1 in Staves
  1550 | D:3      | Reached skill level 1 in Slings
  1550 | D:3      | Reached skill level 1 in Bows
  1550 | D:3      | Reached skill level 1 in Crossbows
  1550 | D:3      | Reached skill level 1 in Throwing
  1550 | D:3      | Reached skill level 1 in Armour
  1550 | D:3      | Reached skill level 1 in Shields
  1550 | D:3      | Reached skill level 1 in Unarmed Combat
  1550 | D:3      | Reached skill level 1 in Evocations
  1621 | D:2      | Learned a level 3 spell: Conjure Flame
  1625 | D:2      | Learned a level 3 spell: Mephitic Cloud
  1714 | D:3      | Reached XP level 4. HP: 32/32 MP: 9/13
  1769 | D:3      | Found a snail-covered altar of Cheibriados.
  1974 | D:3      | Noticed Ijyb
  2187 | D:3      | Found a runed door.
  2395 | D:3      | HP: 1/32 [Ijyb/club (3)]
  2764 | D:2      | Killed Ijyb
  2764 | D:2      | Reached skill level 1 in Hexes
  2764 | D:2      | Reached skill level 1 in Charms
  2764 | D:2      | Reached skill level 1 in Necromancy
  2764 | D:2      | Reached skill level 1 in Transmutations
  2764 | D:2      | Reached skill level 1 in Fire Magic
  2764 | D:2      | Reached skill level 1 in Ice Magic
  2764 | D:2      | Reached skill level 1 in Air Magic
  2764 | D:2      | Reached skill level 1 in Earth Magic
  2764 | D:2      | Reached skill level 1 in Poison Magic
  2942 | D:3      | Reached XP level 5. HP: 37/37 MP: 1/14
  3257 | D:3      | Noticed Crazy Yiuf
  3272 | D:3      | Killed Crazy Yiuf
  3358 | D:4      | Found a bloodstained altar of Trog.
  3845 | D:4      | Noticed Natasha
  4034 | D:4      | Killed Natasha
  4126 | D:4      | Reached XP level 6. HP: 41/44 MP: 16/16
  4191 | D:4      | Got a polished quarterstaff
  4197 | D:4      | Identified the cursed +2 quarterstaff of Uncomfortable
                  | Rashes {venom, rElec} (You found it on level 4 of the
                  | Dungeon)
  4202 | D:4      | Noticed Natasha
  4245 | D:4      | Killed Natasha
  4376 | D:4      | Reached skill level 5 in Dodging
  4475 | D:4      | Noticed Natasha
  4488 | D:4      | Killed Natasha
  4949 | D:4      | Found a white marble altar of Elyvilon.
  5098 | D:5      | Entered Level 5 of the Dungeon
  5130 | D:5      | Found a shattered altar of Ashenzari.
  5146 | D:5      | Became a worshipper of Ashenzari the Shackled
  5163 | D:5      | Noticed a sky beast
  5220 | D:4      | Killed a sky beast
  5220 | D:4      | Reached XP level 7. HP: 23/50 MP: 6/18
  5569 | D:5      | Reached skill level 5 in Stealth
  5955 | D:5      | Found an ancient bone altar of Kikubaaqudgha.
  6134 | D:5      | Found a blossoming altar of Fedhas.
  6152 | D:5      | Noticed an oklob plant
  6473 | D:5      | Reached XP level 8. HP: 22/57 MP: 13/19
  6809 | D:6      | Noticed Sigmund
  6871 | D:6      | Found a runed gate.
  6872 | D:6      | Found a runed gate.
  6875 | D:6      | Found a runed gate.
  6875 | D:6      | Noticed ventricule's ghost (amateur TrCj)
  7140 | D:6      | Found a hide-covered altar of Uskayaw.
  7140 | D:6      | Noticed an oklob plant
  7272 | D:6      | Found a shadowy altar of Dithmenos.
  7288 | D:6      | Reached * piety under Ashenzari
  7315 | D:6      | Found a stormy altar of Qazlal.
  7799 | D:7      | Identified the ring of Evidul {rC+ Stlth-}
  7823 | D:7      | Reached skill level 8 in Spellcasting
  8413 | D:7      | Reached XP level 9. HP: 65/65 MP: 9/21
 10240 | D:9      | Found a bloodstained altar of Trog.
 10610 | D:9      | Reached skill level 5 in Invocations
 10828 | D:9      | Noticed Psyche
 11063 | D:9      | Noticed a two-headed ogre
 11096 | D:9      | Killed a two-headed ogre
 11096 | D:9      | Reached XP level 10. HP: 38/73 MP: 1/22
 11408 | D:9      | Reached skill level 5 in Fighting
 11408 | D:9      | Reached skill level 5 in Short Blades
 11408 | D:9      | Reached skill level 5 in Long Blades
 11408 | D:9      | Reached skill level 5 in Axes
 11408 | D:9      | Reached skill level 5 in Maces & Flails
 11408 | D:9      | Reached skill level 5 in Polearms
 11408 | D:9      | Reached skill level 5 in Staves
 11408 | D:9      | Reached skill level 5 in Slings
 11408 | D:9      | Reached skill level 5 in Bows
 11408 | D:9      | Reached skill level 5 in Crossbows
 11408 | D:9      | Reached skill level 5 in Throwing
 11408 | D:9      | Reached skill level 5 in Armour
 11408 | D:9      | Reached skill level 5 in Shields
 11408 | D:9      | Reached skill level 5 in Unarmed Combat
 11408 | D:9      | Reached skill level 5 in Evocations
 11485 | D:9      | Found a sparkling altar of Nemelex Xobeh.
 12509 | D:9      | Found a sparkling altar of Nemelex Xobeh.
 12587 | D:9      | Reached skill level 9 in Spellcasting
 12990 | D:9      | Found an ancient bone altar of Kikubaaqudgha.
 13264 | D:9      | Reached skill level 5 in Conjurations
 13264 | D:9      | Reached skill level 5 in Summonings
 13264 | D:9      | Reached skill level 5 in Translocations
 13394 | D:9      | Killed Psyche
 13849 | D:10     | Entered Level 10 of the Dungeon
 14043 | D:10     | Noticed Grum
 14079 | D:10     | Killed Grum
 14087 | D:10     | Reached XP level 11. HP: 6/81 MP: 12/24
 14146 | D:10     | Found Xybb's Distillery.
 15501 | D:9      | Slain by a warg

Skill      XL: |  1  2  3  4  5  6  7  8  9 10 |
---------------+-------------------------------+-----
Conjurations   | 2 3 4 5 |  5.3
Summonings     | 2 3 4 5 |  5.3
Translocations | 2 3 4 5 |  5.3
Invocations    | 1 2 3 4 5 6 |  6.3
Fighting       | 1 2 3 4 5 |  5.8
Short Blades   | 1 2 3 4 5 |  5.8
Long Blades    | 1 2 3 4 5 |  5.8
Axes           | 1 2 3 4 5 |  5.8
Maces & Flails | 1 2 3 4 5 |  5.8
Polearms       | 1 2 3 4 5 |  5.8
Staves         | 1 2 3 4 5 |  5.8
Slings         | 1 2 3 4 5 |  5.8
Bows           | 1 2 3 4 5 |  5.8
Crossbows      | 1 2 3 4 5 |  5.8
Throwing       | 1 2 3 4 5 |  5.8
Armour         | 1 2 3 4 5 |  5.8
Shields        | 1 2 3 4 5 |  5.8
Unarmed Combat | 1 2 3 4 5 |  5.8
Evocations     | 1 2 3 4 5 |  5.8
Hexes          | 1 2 3 4 |  4.8
Charms         | 1 2 3 4 |  4.8
Necromancy     | 1 2 3 4 |  4.8
Transmutations | 1 2 3 4 |  4.8
Fire Magic     | 1 2 3 4 |  4.8
Ice Magic      | 1 2 3 4 |  4.8
Air Magic      | 1 2 3 4 |  4.8
Earth Magic    | 1 2 3 4 |  4.8
Poison Magic   | 1 2 3 4 |  4.8
Dodging        | 5 6 7 |  7.4
Stealth        | 5 6 7 |  7.2
Spellcasting   | 8 9 |  9.3

Action                   |  1- 3 |  4- 6 |  7- 9 | 10-12 || total
-------------------------+-------+-------+-------+-------++-------
Melee: Dagger            |     2 |   105 |       |       ||   107
       Bite              |       |    19 |    21 |    20 ||    60
       Unarmed           |       |     3 |       |       ||     3
       Quarterstaff      |       |    30 |   205 |   110 ||   345
Throw: Stone             |       |       |     2 |       ||     2
 Cast: Magic Dart        |    80 |    73 |    69 |    21 ||   243
       Blink             |       |    27 |    11 |    21 ||    59
       Mephitic Cloud    |       |    25 |    54 |    36 ||   115
       Conjure Flame     |       |       |    13 |    20 ||    33
       Call Imp          |       |       |     1 |     1 ||     2
  Use: Scroll            |     2 |     2 |     1 |     1 ||     6
 Stab: Confused          |       |    11 |     8 |    16 ||    35
       Sleeping          |       |       |     2 |     1 ||     3
  Eat: Chunk             |     1 |     8 |    10 |     3 ||    22
       Ration            |       |     1 |     3 |     3 ||     7
Armor: Robe              |       |    25 |    23 |    10 ||    58
Dodge: Dodged            |     9 |   103 |   145 |    71 ||   328
Block: Buckler           |       |     6 |       |       ||     6
